 Dungeon Crawl Stone Soup version 0.25-a0-930-g9f5dfa9815 (webtiles) character file.

Game seed: 13871993831332668255, levelgen mode: deterministic

738 jt the Summoner (level 7, -5/36 HPs)
             Began as a Tengu Summoner on May 3, 2020.
             Killed by divine providence
             ... invoked by an orc priest
              (11 damage)
             ... on level 6 of the Dungeon.
             The game lasted 00:22:21 (7151 turns).

jt the Summoner (Tengu Summoner)                    Turns: 7151, Time: 00:22:21

Health: -5/36      AC:  2    Str:  9    XL:     7   Next: 75%
Magic:  6/16       EV: 14    Int: 16    God:
Gold:   368        SH:  6    Dex: 15    Spells: 14/17 levels left

rFire    . . .     SeeInvis .   a - +2 short sword (venom)
rCold    + . .     Gourm    .   K - +0 buckler
rNeg     . . .     Faith    .   s - +0 robe
rPois    .         Spirit   .   (helmet restricted)
rElec    .         Reflect  +   (no cloak)
rCorr    .         Harm     .   (no gloves)
MR       +....                  (boots unavailable)
Stlth    ++........             x - +3 amulet of reflection
HPRegen  0.12/turn              u - ring of protection from magic
MPRegen  0.15/turn              w - ring of protection from cold

@: flying quickly and evasively, quick
A: beak, talons 3, able to fly
a: Stop Flying


You were on level 6 of the Dungeon.
You were not hungry.

You visited 1 branch of the dungeon, and saw 6 of its levels.

You collected 368 gold pieces.

Inventory:

Hand Weapons
 a - a +2 short sword of venom (weapon)
 d - a +0 spear
 n - a +0 whip
 o - a +0 morningstar
 D - a +0 vorpal shortbow
Missiles
 e - 217 stones
 g - 38 sling bullets
 i - 2 curare-tipped darts
 j - 5 atropa-tipped darts
 q - 50 arrows
 A - a poisoned dart (quivered)
 G - 18 bolts
 J - 5 boomerangs
Armour
 s - a +0 robe (worn)
 K - a +0 buckler (worn)
Jewellery
 u - a ring of protection from magic (left hand)
 w - a ring of protection from cold (right hand)
 x - a +3 amulet of reflection (around neck)
 H - an uncursed amulet of the acrobat
Wands
 C - a wand of iceblast (4)
Scrolls
 h - 2 scrolls of teleportation
 l - 5 scrolls of identify
 m - 2 scrolls of fog
 y - a scroll of remove curse
 z - 2 scrolls of blinking
 B - a scroll of immolation
Potions
 b - a potion of flight {unknown}
 f - 3 potions of curing {unknown}
 k - a potion of brilliance {unknown}
 p - a potion of degeneration {unknown}
 r - a potion of heal wounds {unknown}
 t - 3 potions of haste
 v - a potion of cancellation {unknown}
 E - 2 potions of mutation {unknown}
 F - a potion of stabbing {unknown}
Comestibles
 c - 11 rations
 I - 2 chunks of flesh


   Skills:
 - Level 2.2 Dodging
 - Level 2.0 Stealth
 + Level 5.6 Spellcasting
 + Level 8.6 Summonings


You had 14 spell levels left.
You knew the following spells:

 Your Spells              Type           Power        Failure   Level  Hunger
a - Summon Small Mammal   Summ           ####         1%          1    None
b - Call Imp              Summ           ####....     1%          2    #......

Your spell library contained the following spells:

 Spells                   Type           Power        Failure   Level  Hunger
 Call Canine Familiar     Summ           ####....     1%          3    ##.....
 Summon Guardian Golem    Hex/Summ       ###.....     12%         3    ##.....
 Summon Ice Beast         Ice/Summ       ###.....     38%         4    ####...
 Summon Lightning Spire   Summ/Air       ###.....     38%         4    ####...


Dungeon Overview and Level Annotations

Branches:
Dungeon (6/15)
 Temple: D:4-7

Altars:
Cheibriados
Fedhas
Kikubaaqudgha
Wu Jian
Zin
The Shining One

Shops:
D:5 }=(


Innate Abilities, Weirdness & Mutations

You have a beak for a mouth.
You have claws for feet.
You can fly continuously.


Message History

You swap places.
Your crimson imp barely misses the orc warrior.
The orc priest calls down the wrath of Beogh upon you.
Beogh smites you!
* * * LOW HITPOINT WARNING * * *
The boomerang hits your crimson imp but does no damage.
The sky beast hits your rat.
Your rat dies!
Your rat's corpse disappears in a puff of smoke!
The orc closely misses your crimson imp.
Your crimson imp barely misses the orc warrior.
The boomerang hits your crimson imp but does no damage.
The orc hits your crimson imp with a +1 falchion of protection.
Your crimson imp hits the orc warrior but does no damage.
The boomerang hits your crimson imp.
There is a stone staircase leading up here.
Your crimson imp barely misses the orc.
The orc misses your crimson imp.
The orc priest invokes the aid of Beogh against you.
Beogh smites you!
You die...

#..# #.#####.# # #..#
#.....#o# # #
#..#########5#o##.####
#
#.........5.55o......[
#
##########.#.#.##.####
# #.#.#§o# # #
#.#.#Y## #.#.#.##
#.#.#@.# ..#.####
###..


You could see an orc warrior, a sky beast, an orc priest, 2 orcs and a friendly
crimson imp.

Vanquished Creatures
  An ogre (D:4)
  A centaur (D:4)
  A scorpion (D:4)
  A worker ant (D:5)
  An iguana (D:4)
  4 adders
  3 oozes
  3 worms
  A dart slug (D:2)
  4 leopard geckos
  3 orcs
  2 ball pythons
  5 bats
  2 giant cockroaches
  4 goblins
  3 hobgoblins (D:3)
  10 jackals
  2 quokkas
  2 frilled lizards (D:2)
  11 kobolds
  5 rats
  A fungus (D:4)
70 creatures vanquished.

Vanquished Creatures (collateral kills)
  A hungry ghost (D:5)
  2 ogres
  A scorpion (D:3)
  2 jellies (D:4)
  An iguana (D:4)
  An orc wizard (D:3)
  A worker ant (D:4)
  8 gnolls
  4 adders
  4 oozes (D:4)
  An adder skeleton (D:4)
  A worm (D:2)
  2 orcs (D:3)
  A ball python (D:1)
  A goblin (D:1)
  2 hobgoblins (D:2)
  A frilled lizard (D:3)
  A jackal skeleton (D:5)
  7 kobolds
42 creatures vanquished.

Vanquished Creatures (others)
  An orc wizard (D:3)
  9 toadstools (D:4)
10 creatures vanquished.

Grand Total: 122 creatures vanquished

Notes
Turn   | Place    | Note
-------+----------+-------------------------------------------
     0 | D:1      | jt the Tengu Summoner began the quest for the Orb.
     0 | D:1      | Reached XP level 1. HP: 10/10 MP: 4/4
    99 | D:1      | Reached skill level 5 in Summonings
   158 | D:1      | Reached XP level 2. HP: 15/15 MP: 3/6
   984 | D:2      | Learned a level 2 spell: Call Imp
  1319 | D:2      | Reached XP level 3. HP: 9/19 MP: 1/7
  1975 | D:2      | Reached XP level 4. HP: 13/24 MP: 2/9
  2117 | D:2      | Found a glowing golden altar of the Shining One.
  2473 | D:3      | Reached skill level 6 in Summonings
  3052 | D:3      | Gained mutation: You can fly continuously. [Tengu growth]
  3052 | D:3      | Reached XP level 5. HP: 5/28 MP: 3/11
  4483 | D:4      | Found a glowing silver altar of Zin.
  4650 | D:4      | Reached skill level 7 in Summonings
  4650 | D:4      | Reached XP level 6. HP: 19/32 MP: 13/13
  4791 | D:4      | Found a blossoming altar of Fedhas.
  5249 | D:4      | Reached XP level 7. HP: 36/36 MP: 3/15
  5257 | D:4      | Reached skill level 5 in Spellcasting
  5594 | D:4      | Reached skill level 8 in Summonings
  5979 | D:5      | Entered Level 5 of the Dungeon
  5979 | D:5      | Found Omuzuy's Weapon Shoppe.
  6136 | D:5      | Found an ancient bone altar of Kikubaaqudgha.
  6337 | D:5      | Found a snail-covered altar of Cheibriados.
  6337 | D:5      | Found an ornate altar of the Wu Jian Council.
  6338 | D:5      | Noticed a hungry ghost
  6355 | D:5      | Killed a hungry ghost
  6624 | D:5      | Found Usyitre's Gadget Boutique.
  6707 | D:5      | Found Opluas's Jewellery Boutique.
  7151 | D:6      | Killed from afar by an orc priest

Levels and vault maps discovered:
D:1:      wander_arrival_lonely_grave, layout_basic, serial_curves,
          eino_curves_01, eino_curves_02
D:2:      minmay_general_purpose_star, layout_basic, first_ration,
          nicolae_tso_carved_into_rock
D:3:      layout_basic
D:4:      cheibrodos_fertilizer, layout_basic, fedhas_bush_and_centaur_altar,
          lemuel_crystal_altar, hangedman_minor_gate_pass
D:5:      layout_loops_ring, kennysheep_mini, grunt_temple_overflow_open,
          serial_shops, nicolae_shop_trees, shop, shop,
          ebering_dispersal_statue_hall
D:6:      layout_basic, grunt_ministairs_3

Skill      XL: |  1  2  3  4  5  6  7 |
---------------+----------------------+-----
Summonings     | 5 6 7 8 |  8.6
Spellcasting   | 3 4 5 |  5.6
Dodging        | |  2.2
Stealth        | |  2.0

Action                   |  1- 3 |  4- 6 |  7- 9 || total
-------------------------+-------+-------+-------++-------
Melee: Unarmed           |    23 |       |       ||    23
       Kick              |    16 |    17 |    14 ||    47
       Peck              |     7 |     8 |    11 ||    26
       Club              |    16 |       |       ||    16
       Whip              |    27 |     3 |       ||    30
       Spear             |       |    16 |       ||    16
       Short sword       |       |    61 |    64 ||   125
 Fire: Shortbow          |       |     6 |       ||     6
Throw: Stone             |       |     1 |     1 ||     2
       Dart              |       |     4 |    14 ||    18
 Cast: Summon Small Mamm |    19 |    18 |     7 ||    44
       Call Imp          |    10 |    25 |    22 ||    57
 Abil: Fly               |       |     1 |       ||     1
Evoke: Wand              |       |     2 |       ||     2
  Use: Scroll            |       |     5 |     5 ||    10
       Potion            |       |       |     1 ||     1
 Stab: Sleeping          |     2 |     2 |     1 ||     5
       Distracted        |       |       |     1 ||     1
  Eat: Chunk             |     4 |     5 |     7 ||    16
       Ration            |       |     2 |       ||     2
Armor: Robe              |    14 |     8 |     9 ||    31
Dodge: Dodged            |    47 |    50 |    41 ||   138
Block: Other             |       |     2 |     7 ||     9
       Buckler           |       |       |     3 ||     3

Table legend:
 A = Non-vault XP
 B = Vault XP
 C = Vault XP percentage of total XP
 D = Non-vault monster count
 E = Vault monster count
 F = Vault count percentage of total count
                 A         B        C        D         E       F
            +---------+---------+-------+---------+---------+-------
      Total |     731 |     324 |  30.7 |      87 |      25 |  22.3
            +---------+---------+-------+---------+---------+-------
        D:1 |      20 |       0 |   0.0 |      11 |       0 |   0.0
        D:2 |      64 |       8 |  11.1 |      19 |       4 |  17.4
        D:3 |     164 |       0 |   0.0 |      31 |       0 |   0.0
        D:4 |     209 |     316 |  60.2 |       8 |      21 |  72.4
        D:5 |     261 |       0 |   0.0 |      12 |       0 |   0.0
        D:6 |      13 |       0 |   0.0 |       6 |       0 |   0.0
            +---------+---------+-------+---------+---------+-------
